 Dungeon Crawl Stone Soup version 0.32-a0-900-g30fb1b0edc (webtiles) character file.

Game seed: 15185717944188688725

837 kae the Carver (level 7, -4/49 (50) HPs)
             Began as a Coglin Gladiator on Apr 4, 2024.
             Slain by a wight
             ... wielding a +4 great sword of freezing
              (19 damage)
             ... on level 8 of the Dungeon on Apr 5, 2024.
             The game lasted 00:03:36 (3909 turns).

kae the Carver (Coglin Gladiator)                   Turns: 3909, Time: 00:03:36

HP:   -4/49 (50)    AC:  5    Str: 14    XL:     7   Next: 99%
MP:   7/7           EV: 11    Int:  7    God:
Gold: 85            SH:  0    Dex: 18    Spells: 6/6 levels left

rFire   . . .        a - +0 long sword (spect) {Esteban}
rCold   . . .        g - +0 long sword {Inés}
rNeg    . . .        b - +0 leather armour
rPois   .            c - +0 helmet
rElec   .            (no cloak)
rCorr   .            (no gloves)
SInv    .            m - +0 pair of boots
Will    .....        (amulet unavailable)
Stlth   +            (ring unavailable)
HPRegen 0.28/turn    (ring unavailable)
MPRegen 0.10/turn    (no gizmo)

%: no passive effects
@: confused, brilliant, ambrosia-drunk, lightly drained, revving
A: off-hand wielding, slow wielding, warmup strikes, no jewellery
a: Invent Gizmo


You were on level 8 of the Dungeon.
You visited 1 branch of the dungeon, and saw 6 of its levels.

You collected 253 gold pieces.
You spent 168 gold pieces at shops.


Innate Abilities, Weirdness & Mutations

You can wield a second weapon in your off-hand.
It takes a long time for you to wield or remove held weapons.
Your first few attacks do less damage.
You cannot equip rings or amulets.


   Skills:
 - Level 2.0 Fighting
 + Level 9.2 Long Blades
 - Level 1.7 Throwing
 - Level 2.6 Dodging


You had 6 spell levels left.
You didn't know any spells.
Your spell library contained the following spells:

 Spells                   Type           Power      Damage    Failure   Level
 Kiss of Death            Conj/Necr      0%         2d5       52%         1
 Summon Small Mammal      Summ           0%         N/A       52%         1
 Ensorcelled Hibernation  Hex/Ice        0%         N/A       65%         2
 Call Canine Familiar     Summ           0%         N/A       87%         3
 Confusing Touch          Hex            0%         N/A       87%         3
 Fugue of the Fallen      Necr           0%         N/A       87%         3
 Anguish                  Hex/Necr       0%         N/A       99%         4
 Dispel Undead            Necr           0%         3d6       99%         4
 Summon Blazeheart Golem  Fire/Summ      0%         N/A       99%         4

Inventory:

Hand Weapons
 a - a +0 spectral long sword (weapon) {Esteban}
 f - a +0 dagger {Tamara}
 g - a +0 long sword (offhand) {Inés}
   (You found it on level 1 of the Dungeon)
Missiles
 d - 3 throwing nets (quivered) {=f!f}
 e - a javelin
 j - 66 stones
 n - 6 poisoned darts
 w - a boomerang
Armour
 b - a +0 leather armour (worn)
 c - a +0 helmet (worn)
 m - a +0 pair of boots (worn)
   (You found it on level 2 of the Dungeon)
Jewellery
 x - an amulet of reflection
   (You found it on level 5 of the Dungeon)
 z - a ring of wizardry
   (You found it on level 4 of the Dungeon)
 A - an amulet of the acrobat
   (You found it on level 1 of the Dungeon)
 Z - a ring of wizardry
   (You found it on level 4 of the Dungeon)
Wands
 p - a wand of digging (5)
   (You found it on level 3 of the Dungeon)
 t - a wand of charming (6)
   (You took it off Ijyb on level 4 of the Dungeon)
 u - a wand of quicksilver (1)
   (You found it on level 4 of the Dungeon)
Scrolls
 h - a scroll of brand weapon
 i - a scroll of amnesia
 l - 2 scrolls of teleportation {@r4}
 y - a scroll of poison {unknown}
Potions
 k - a potion of haste {@q3}
 o - a potion of curing {@q1}
 q - a potion of attraction {!q}
 s - a potion of heal wounds {@q2}
 v - 2 potions of might

Dungeon Overview and Level Annotations

Branches:
Dungeon (5/15) Zot: 26976  Temple (0/1) D:5

Altars:
Makhleb
Sif Muna
Wu Jian
Zin

Shops:
D:5 !

Annotations:
D:3 Pargi
D:5 1 runed translucent door, Crazy Yiuf

... #z#
#.####.#
###......#
#...z#####
#....##.z..z#
...###
#####z# ##
#z# #@# #.#
#.# #.. ###


You could see 3 wights.


Message History

You kill the gnoll!
Your +0 spectral long sword {Esteban} disappears.
Key pressed, stopping explore.
Unknown command. 😮 HP[+6]
You regained 6 hp, and now have 34/50 hp.
Things that are here:
a +0 whip; a gnoll corpse
There is an open door here.
Key pressed, stopping explore.
Unknown command. 😎 HP[+16]
Your hp is fully restored (50).
As you open the door, it creaks loudly!
There is an open door here.
There is an open door here.
Things that are here:
a +0 giant spiked club; an ogre skeleton
There is an open door here.
You see here an adder skeleton.
Things that are here:
a +0 short sword; an orc skeleton
Found an escape hatch in the floor.
B - a silvery potion You now have 85 gold pieces (gained 17).
y - a scroll labelled CEYRCH KO FOA
j - 61 stones (gained 3)
j - 66 stones (gained 5)
You open the door.
There is an open door here.
You open the door.
There is an open door here.
As you open the door, it creaks loudly!
There is an open door here.
There is a stone staircase leading down here.
You open the door.
There is an open door here.
You open the door.
There is an open door here.
You open the door.
There is an open door here.
There is an open door here.
There is an open door here.
You open the door.
There is an open door here.
Key pressed, stopping explore.
There is an open door here.
There is an open door here.
There is an open door here.
A malevolent force fills the Dungeon...
You fall into a shaft and drop 3 floors!
The shaft crumbles and collapses.
Unknown command. 4 wights come into view.
A wight is wielding a +4 great sword of freezing.
The wight moves out of view. x2
There are monsters nearby!
There are monsters nearby!
You hit the wight but do no damage. x2
The wight hits you with a +4 great sword of freezing!
The wight freezes you. 😮 HP[-13]
You take 13 damage, and now have 37/50 hp.
MASSIVE DAMAGE!! (PAUSE)
You hit the wight but do no damage.
You hit the wight with your +0 long sword.
You barely miss the wight with your +0 long sword.
You hit the wight but do no damage. The wight barely misses you.
Unknown command.
You closely miss the wight with your +0 long sword.
You barely miss the wight with your +0 spectral long sword.
The wight hits you with a +4 great sword of freezing!
* * * LOW HITPOINT WARNING * * *
The wight freezes you.
* * * LOW HITPOINT WARNING * * *
😨 HP[-20]
You take 20 damage, and now have 17/50 hp.
MASSIVE DAMAGE!! (PAUSE)
Okay, then. 😨 HP[+1]
You feel much better.
The wight hits you with a +4 great sword of freezing!
You feel drained. The wight freezes you. 😮 HP[+16]
You now have 49 max hp (-1).
You regained 16 hp, and now have 34/49 hp.
It was a potion of brilliance.
You feel clever all of a sudden.
The wight hits you with a +4 great sword of freezing!
* * * LOW HITPOINT WARNING * * *
The wight freezes you!
* * * LOW HITPOINT WARNING * * *
😱 HP[-24]
You take 24 damage, and now have 10/49 hp.
MASSIVE DAMAGE!! (PAUSE)
You are confused.
You feel invigorated.
The wight hits you with a +4 great sword of freezing!!
You die...

Skill      XL: |  1  2  3  4  5  6  7 |
---------------+----------------------+-----
Long Blades    | 4 5 6 8 9 |  9.2
Fighting       | |  2.0
Throwing       | |  1.7
Dodging        | |  2.6

Action                     |  1- 3 |  4- 6 |  7- 9 || total
---------------------------+-------+-------+-------++-------
  Melee: Long sword        |   102 |   139 |    72 ||   313
         Dagger            |     6 |       |       ||     6
    Use: Scroll            |     3 |     6 |       ||     9
         Potion            |       |       |     3 ||     3
   Stab: Distracted        |       |     1 |     2 ||     3
         Sleeping          |       |       |     1 ||     1
 Armour: Leather armour    |    41 |    48 |    27 ||   116
  Dodge: Dodged            |    43 |    35 |    28 ||   106

Levels and vault maps discovered:
D:1:      dpeg_arrival_simpleton_b, layout_rooms
D:2:      layout_loops_ring, shapermc_ecumenical_altar_venn
D:3:      layout_basic, grunt_temple_overflow_order_and_chaos_2, uniq_pargi
D:4:      layout_gridville, chequers_temple_overflow_statue_of_worship,
          uniq_ijyb
D:5:      layout_gridville, minmay_temple_entry_statues_fountains, serial_shops,
          nicolae_shop_rolling_square, hangedman_decor_peaks_small,
          uniq_menkaure, uniq_crazy_yiuf_cottage
D:8:      kennysheep_housing_project, layout_rooms, david_lair_shrubbed

Notes
Turn   | Place    | Note
-------+----------+-------------------------------------------
     0 | D:1      | kae the Coglin Gladiator began the quest for the Orb.
     0 | D:1      | Reached XP level 1. HP: 16/16 MP: 1/1
     0 | D:1      | magus.rc [v1.11.3]
   143 | D:1      | You pick up a book of Touch and begin reading...
   143 | D:1      | You add the spells Kiss of Death, Confusing Touch and
                  | Dispel Undead to your library.
   219 | D:1      | Reached XP level 2. HP: 19/22 MP: 2/2
   249 | D:1      | Upgraded the game from 0.32-a0-898-g7811c86cf0 to
                  | 0.32-a0-900-g30fb1b0edc
   249 | D:1      | magus.rc [v1.11.3]
   505 | D:2      | Reached skill level 4 in Long Blades
   596 | D:2      | Found a faded altar of an unknown god.
   664 | D:2      | Reached XP level 3. HP: 27/27 MP: 3/3
  1573 | D:3      | Noticed Pargi
  1654 | D:3      | Found a burning altar of Makhleb.
  1657 | D:3      | Found a glowing silver altar of Zin.
  1657 | D:3      | Noticed an angel
  1657 | D:3      | Noticed a balrug
  1681 | D:3      | Reached skill level 5 in Long Blades
  1681 | D:3      | Reached XP level 4. HP: 33/33 MP: 4/4
  1808 | D:3      | Reached XP level 5. HP: 37/38 MP: 5/5
  2101 | D:4      | You pick up a book of Dreams and begin reading...
  2101 | D:4      | You add the spells Ensorcelled Hibernation, Fugue of the
                  | Fallen and Anguish to your library.
  2118 | D:4      | Found a shimmering blue altar of Sif Muna.
  2118 | D:4      | Found an ornate altar of the Wu Jian Council.
  2132 | D:4      | Noticed Ijyb
  2140 | D:4      | Killed Ijyb
  2141 | D:4      | Reached skill level 6 in Long Blades
  2397 | D:4      | Reached XP level 6. HP: 41/44 MP: 6/6
  2430 | D:4      | HP: 10/44 [orc/+0 flail (8)]
  2536 | D:4      | Reached skill level 7 in Long Blades
  2938 | D:5      | Entered Level 5 of the Dungeon
  3041 | D:5      | You pick up a book of Callings and begin reading...
  3041 | D:5      | You add the spells Summon Small Mammal, Call Canine
                  | Familiar and Summon Blazeheart Golem to your library.
  3050 | D:5      | Found Bunirajomy's Distillery.
  3056 | D:5      | Bought a potion of curing for 42 gold pieces
  3056 | D:5      | Bought a potion of might for 56 gold pieces
  3056 | D:5      | Bought a potion of heal wounds for 70 gold pieces
  3162 | D:5      | Reached skill level 8 in Long Blades
  3162 | D:5      | Reached XP level 7. HP: 49/50 MP: 7/7
  3333 | D:5      | Found a runed translucent door.
  3334 | D:5      | Noticed Crazy Yiuf
  3466 | D:5      | Reached skill level 9 in Long Blades
  3501 | D:5      | Found a staircase to the Ecumenical Temple.
  3886 | D:5      | You fall into a shaft and drop 3 floors!
  3908 | D:8      | HP: 10/49 [wight/+4 great sword of freezing (8)]
  3909 | D:8      | Slain by a wight

Vanquished Creatures
  2 ogres (D:5)
  A scorpion (D:5)
  3 bombardier beetles
  2 hounds
  3 orc priests
  A sleepcap (D:4)
  3 iguanas
  Ijyb (D:4)
  3 orc wizards (D:5)
  4 gnolls (D:5)
  2 adders (D:5)
  2 ufetubi (D:5)
  3 dart slugs
  19 orcs
  7 endoplasms
  4 giant cockroaches
  4 goblins
  3 hobgoblins
  4 jackals (D:1)
  2 kobolds
  7 ball pythons
  5 bats
  3 frilled lizards
  7 rats
95 creatures vanquished.

Table legend:
 A = Non-vault XP
 B = Vault XP
 C = Vault XP percentage of total XP
 D = Non-vault monster count
 E = Vault monster count
 F = Vault count percentage of total count
                 A         B        C        D         E       F
            +---------+---------+-------+---------+---------+-------
      Total |    1160 |      36 |   3.0 |      94 |       1 |   1.1
            +---------+---------+-------+---------+---------+-------
        D:1 |      27 |       0 |   0.0 |      13 |       0 |   0.0
        D:2 |      24 |       0 |   0.0 |      14 |       0 |   0.0
        D:3 |     114 |       0 |   0.0 |      19 |       0 |   0.0
        D:4 |     245 |      36 |  12.8 |      21 |       1 |   4.5
        D:5 |     750 |       0 |   0.0 |      27 |       0 |   0.0
            +---------+---------+-------+---------+---------+-------

Skill      XL: |  1  2  3  4  5  6  7 |
---------------+----------------------+-----
Long Blades    | 4 5 6 8 9 |  9.2
Fighting       | |  2.0
Throwing       | |  1.7
Dodging        | |  2.6

Action                     |  1- 3 |  4- 6 |  7- 9 || total
---------------------------+-------+-------+-------++-------
  Melee: Long sword        |   102 |   139 |    72 ||   313
         Dagger            |     6 |       |       ||     6
    Use: Scroll            |     3 |     6 |       ||     9
         Potion            |       |       |     3 ||     3
   Stab: Distracted        |       |     1 |     2 ||     3
         Sleeping          |       |       |     1 ||     1
 Armour: Leather armour    |    41 |    48 |    27 ||   116
  Dodge: Dodged            |    43 |    35 |    28 ||   106

Illustrated notes

Table legend:
 A = Kills in this place as a percentage of kills in the entire game.
 B = Kills by you in this place as a percentage of kills by you in the entire game.
 C = Kills by friends in this place as a percentage of kills by friends in the entire game.
 D = Other kills in this place as a percentage of other kills in the entire game.
 E = Experience gained in this place as a percentage of experience gained in the entire game.
 F = Experience gained in this place divided by the number of levels of this place that you have seen.
                   A       B       C       D       E      F
               +-------+-------+-------+-------+-------+----------------------
         Total | 100.0 | 100.0 |   N/A |   N/A | 100.0 | 199.3
       Dungeon | 100.0 | 100.0 |   N/A |   N/A | 100.0 | 199.3
               +-------+-------+-------+-------+-------+----------------------

Table legend: (Time is in decaauts)
 A = Elapsed time spent in this place.
 B = Non-inter-level travel time spent in this place.
 C = Inter-level travel time spent in this place.
 D = Time resting spent in this place.
 E = Time spent auto-exploring this place.
 F = Levels seen in this place.
 G = Mean time per level.
                   A        B        C        D        E       F      G
               +--------+--------+--------+--------+--------+-----+--------+
         Total |   3924 |   3707 |    217 |     24 |   3114 |   6 |  654.0 |
       Dungeon |   3924 |   3707 |    217 |     24 |   3114 |   6 |  654.0 |
               +--------+--------+--------+--------+--------+-----+--------+

Top non-repeatable levels by time:
     D:4: 1014 daAuts
     D:5: 931 daAuts
     D:2: 740 daAuts
     D:3: 709 daAuts
     D:1: 505 daAuts
     D:8: 22 daAuts
